[Event "Early-Titled-Tuesday-Blitz-December-26-2023"]
[Site "Chess.com"]
[Date "2023.12.26"]
[Round "3"]
[White "AndresDelgado77"]
[Black "JohnWhite1952"]
[Result "1-0"]
[WhiteElo "2353"]
[BlackElo "2013"]
[TimeControl "180+1"]
[EndTime "8:25:09 PST"]
[Termination "AndresDelgado77 won by checkmate"]

1. e4 c5 2. Nf3 e6 3. c3 Nf6 4. Bd3 Nc6 5. Bc2 d6 6. d4 cxd4 7. cxd4 Be7 8. Nc3 a6 9. O-O O-O 10. Qe2 Qc7 11. e5 dxe5 12. dxe5 Nd7 13. Re1 b5 14. Bg5 Bxg5 15. Bxh7+ Kxh7 16. Nxg5+ Kg8 17. Qh5 Rd8 18. Qxf7+ Kh8 19. Qh5+ Kg8 20. Qh7+ Kf8 21. Qh8+ Ke7 22. Qxg7+ Ke8 23. Qf7# 1-0

[Event "Early-Titled-Tuesday-Blitz-December-26-2023"]
[Site "Chess.com"]
[Date "2023.12.26"]
[Round "3"]
[White "AnaKuchava"]
[Black "Artyom_ChessMate"]
[Result "0-1"]
[WhiteElo "2208"]
[BlackElo "2500"]
[TimeControl "180+1"]
[EndTime "8:25:11 PST"]
[Termination "Artyom_ChessMate won by resignation"]

1. d4 d5 2. Nf3 Nf6 3. c4 e6 4. Nc3 c5 5. cxd5 Nxd5 6. e4 Nxc3 7. bxc3 cxd4 8. cxd4 Bb4+ 9. Bd2 Bxd2+ 10. Qxd2 O-O 11.
Bd3 b6 12. O-O Bb7 13. Qe3 Nd7 14.
Rac1 Rc8 15. Rfd1 Qf6 16. h3 Rfd8 17. Rxc8 Rxc8 18. Rc1 Qd8 19. Rc2 Rxc2 20. Bxc2 Qc7 21. Nd2 Qxc2 22. Nb3 Qxe4 0-1

[Event "Early-Titled-Tuesday-Blitz-December-26-2023"]
[Site "Chess.com"]
[Date "2023.12.26"]
[Round "3"]
[White "Kiborg95"]
[Black "Sanyura"]
[Result "1-0"]
[WhiteElo "2815"]
[BlackElo "2628"]
[TimeControl "180+1"]
[EndTime "8:25:13 PST"]
[Termination "Kiborg95 won by resignation"]

1. e4 c5 2. Nc3 Nc6 3. Nge2 g6 4. d4 cxd4 5. Nxd4 Bg7 6. Be3 Nf6 7. Bc4 O-O 8. Bb3 a5 9. f3 d5 10. Bxd5 Nxd5 11.
Nxd5 Nb4 12. Nxb4 axb4 13. O-O Qb6 14. Nf5 Qb5 15. Nxe7+ Kh8 16. Bd4 Be6 17. Bxg7+ Kxg7 18. Qd4+ f6 19. Nd5 Rac8 20. Qxb4 Qc5+ 21. Qxc5 Rxc5 22. Ne3 Ra8 23. a3 f5 24. exf5 gxf5 25. c3 f4 26. Nc2 Rb5 27. Nd4 1-0

[Event "Early-Titled-Tuesday-Blitz-December-26-2023"]
[Site "Chess.com"]
[Date "2023.12.26"]
[Round "3"]
[White "Suleyman_Chess06"]
[Black "arturdailima"]
[Result "1-0"]
[WhiteElo "2594"]
[BlackElo "2320"]
[TimeControl "180+1"]
[EndTime "8:25:13 PST"]
[Termination "Suleyman_Chess06 won by resignation"]

1. d4 Nf6 2. Nf3 g6 3. g3 Bg7 4. Bg2 O-O 5. O-O d6 6. c4 c6 7. Nc3 Bf5 8. Nh4 Be6 9. b3 d5 10. cxd5 cxd5 11. Nf3 Nc6 12. Bf4 Ne4 13. Rc1 Nxc3 14.
Rxc3 Qa5 15. Qd2 Qb6 16. Be3 f6 17. Rfc1 Rac8 18. Ne1 f5 19. Nf3 Bf7 20. Ng5 e6 21. Nf3 Ne7 22. Ne5 Nc6 23. Nd7 Qa5 24. Nxf8 Rxf8 25. h4 Qb4 26. Rd3 Qb5 27. h5 a5 28.
h6 Bf6 29. Bg5 Bh8 30. e3 Ra8 31. Rdc3 Qb6 32. Bf1 Ra7 33. Rc5 Ra8 34. Bb5 Na7 35. Ba4 Nc6 36. Bxc6 bxc6 37. Rxc6 Qb5 38. Rc8+ Rxc8 39.
Rxc8+ Be8 40. Qc2 Kf7 41. Qc7+ Qd7 42. Qxd7+ Bxd7 43. Rxh8 1-0

[Event "Early-Titled-Tuesday-Blitz-December-26-2023"]
[Site "Chess.com"]
[Date "2023.12.26"]
[Round "3"]
[White "drillovsky"]
[Black "Kaissa10"]
[Result "1-0"]
[WhiteElo "2371"]
[BlackElo "2106"]
[TimeControl "180+1"]
[EndTime "8:25:16 PST"]
[Termination "drillovsky won by resignation"]

1. e4 c5 2. Nf3 Nc6 3. d4 cxd4 4.
Nxd4 g6 5. Be2 Bg7 6. Nb3 Nf6 7. Nc3 O-O 8. O-O a5 9. a4 d5 10. exd5 Nb4 11. Bf3 Bf5 12. Nd4 Qd7 13. Bg5 Rfd8 14. Re1 Nfxd5 15. Nxd5 Nxd5 16. c3 e5 17. Nxf5 1-0

[Event "Early-Titled-Tuesday-Blitz-December-26-2023"]
[Site "Chess.com"]
[Date "2023.12.26"]
[Round "3"]
[White "AlexPapasimakopoulos"]
[Black "Pumpkin_in_moonlight"]
[Result "1-0"]
[WhiteElo "2628"]
[BlackElo "2301"]
[TimeControl "180+1"]
[EndTime "8:25:20 PST"]
[Termination "AlexPapasimakopoulos won by resignation"]

1. e4 c5 2. b4 e6 3. bxc5 Bxc5 4. d4 Bb4+ 5. c3 Be7 6. Bd3 Nf6 7. Nd2 d5 8. e5 Nfd7 9. Ngf3 Nc6 10. h4 Qc7 11.
Nf1 b6 12. Bd2 Ndb8 13. Qe2 a5 14. a4 Ba6 15. Bb5 Bxb5 16. axb5 Nd8 17. Ng3 a4 18. Nh5 Kf8 19. Rh3 a3 20. Nxg7 Kxg7 21. Bh6+ Kg6 22. Rg3+ Kxh6 23. Qe3+ Kh5 24. Rg5+ Kh6 25.
g4 Ra4 26. Rg8+ 1-0

[Event "Early-Titled-Tuesday-Blitz-December-26-2023"]
[Site "Chess.com"]
[Date "2023.12.26"]
[Round "3"]
[White "nitpicker"]
[Black "biostatistician"]
[Result "0-1"]
[WhiteElo "2312"]
[BlackElo "2588"]
[TimeControl "180+1"]
[EndTime "8:25:22 PST"]
[Termination "biostatistician won by resignation"]

1. d4 Nf6 2. c4 g6 3. Nc3 Bg7 4. e4 d6 5. Be2 O-O 6. Nf3 e5 7. O-O Nc6 8. d5 Ne7 9. a4 Nh5 10. g3 f5 11. exf5 Nxf5 12. Ne4 Nf6 13. Bd3 Nxe4 14.
Bxe4 a5 15. b3 b6 16. Bb2 Nh6 17. Kg2 Bf5 18. Qd3 Qd7 19. Rfe1 Bh3+ 20. Kg1 Ng4 21.
Re2 Bh6 22. Bc1 Bxc1 23. Rxc1 Rf6 24. Ng5 Nh6 25. Nxh3 Qxh3 26. Bg2 Qf5 27. Qxf5 Nxf5 28. f4 exf4 29. gxf4 Raf8 30. Bh3 Nd4 31. Re7 Rxf4 32. Rxc7 Ne2+ 33. Kg2 Nxc1 34. Be6+ Kh8 0-1

[Event "Early-Titled-Tuesday-Blitz-December-26-2023"]
[Site "Chess.com"]
[Date "2023.12.26"]
[Round "3"]
[White "sergoy"]
[Black "Legendinunknown"]
[Result "1-0"]
[WhiteElo "2944"]
[BlackElo "2706"]
[TimeControl "180+1"]
[EndTime "8:25:26 PST"]
[Termination "sergoy won by resignation"]

1. d4 Nf6 2. c4 e6 3. Nf3 b6 4. g3 Ba6 5. Qc2 c5 6. d5 exd5 7. cxd5 Bb7 8. Bg2 Nxd5 9. O-O Nc6 10. Rd1 Be7 11. Qf5 Nf6 12. Nc3 O-O 13. e4 d6 14.
e5 Ne8 15. Bf4 g6 16. Qh3 Bc8 17. Qh6 Ng7 18. Ng5 Bxg5 19. Bxg5 Qe8 20. Nd5 f5 21. Nf6+ Rxf6 22. Bxf6 Nh5 23. Rxd6 Bb7 24. Bd5+ 1-0

[Event "Early-Titled-Tuesday-Blitz-December-26-2023"]
[Site "Chess.com"]
[Date "2023.12.26"]
[Round "3"]
[White "Shuvalov"]
[Black "vugarrasulov"]
[Result "0-1"]
[WhiteElo "2533"]
[BlackElo "2925"]
[TimeControl "180+1"]
[EndTime "8:25:30 PST"]
[Termination "vugarrasulov won by checkmate"]

1. d4 a6 2. e4 b5 3. Nf3 Bb7 4. Bd3 e6 5. Nbd2 Nf6 6. Qe2 d5 7. e5 Nfd7 8. Nb3 c5 9. dxc5 Nc6 10. Bf4 Nxc5 11. Nxc5 Bxc5 12. a3 Be7 13. h4 h6 14. h5 Qb6 15. b4 O-O-O 16. c3 d4 17. c4 bxc4 18. Bxc4 d3 19. Bxd3 Nd4 20. Nxd4 Qxd4 21.
Rc1+ Kb8 22. Bxa6 Qxf4 23. O-O Qe4 24. Qxe4 Bxe4 25. f3 Bd3 26. Bxd3 Rxd3 27. Rfd1 Rhd8 28. Rxd3 Rxd3 29. Ra1 Bh4 30. Kh2 Bf2 31. a4 Rd4 32. g3 Rxb4 33. Kg2 Bd4 34. Re1 Rxa4 35. Re4 Kc7 36. Kh3 Kc6 37. Rg4 Kd5 38. f4 Ke4 39.
Rxg7 Kf3 40. Rxf7 Ra1 41. Kh2 Bg1+ 42. Kh3 Bf2 43. Kh2 Bxg3+ 44. Kh3 Rh1# 0-1

[Event "Early-Titled-Tuesday-Blitz-December-26-2023"]
[Site "Chess.com"]
[Date "2023.12.26"]
[Round "3"]
[White "Kimster98"]
[Black "Zhigalko_Sergei"]
[Result "0-1"]
[WhiteElo "2668"]
[BlackElo "2886"]
[TimeControl "180+1"]
[EndTime "8:25:32 PST"]
[Termination "Zhigalko_Sergei won by resignation"]

1. Nf3 d5 2. g3 c6 3. Bg2 Bg4 4. O-O e6 5. h3 Bh5 6. d3 Bd6 7.
e4 Ne7 8. Nbd2 O-O 9. g4 Bg6 10.
Nh4 Nd7 11. f4 f6 12. Qe2 Bf7 13. d4 Qb6 14. c3 e5 15. fxe5 fxe5 16. Nb3 dxe4 17.
Bxe4 Bxb3 18. axb3 exd4 19. Rxf8+ Rxf8 20. Nf5 Nxf5 21.
Bxf5 d3+ 22. Be3 dxe2 23. Bxb6 Nxb6 24. Be6+ Kh8 25. Re1 Bc5+ 0-1

[Event "Early-Titled-Tuesday-Blitz-December-26-2023"]
[Site "Chess.com"]
[Date "2023.12.26"]
[Round "3"]
[White "chenrip"]
[Black "Devil_Sun"]
[Result "0-1"]
[WhiteElo "2353"]
[BlackElo "2598"]
[TimeControl "180+1"]
[EndTime "8:25:33 PST"]
[Termination "Devil_Sun won by resignation"]

1. e4 e6 2. d4 d5 3. Nc3 Nf6 4.
Bg5 dxe4 5. Nxe4 Be7 6. Ng3 b6 7. Be2 Bb7 8. Bf3 c6 9. N1e2 Nbd7 10. O-O Qc7 11. c4 h6 12. Bf4 Bd6 13. Bxd6 Qxd6 14.
Qb3 O-O-O 15. a4 a5 16. c5 bxc5 17. Qc3 cxd4 18. Qxa5 Qc5 19. Qd2 Ne5 20. Rfc1 Nxf3+ 21. gxf3 Qd5 22. a5 Qxf3 23. a6 Ba8 24. a7 c5 25.
Rxc5+ Kd7 26. Kf1 Ke8 27. Nxd4 Qg2+ 28. Ke2 Ne4 29. Qe3 Nxc5 30. Rc1 Qd5 31. Nb5 Qd3+ 32. Qxd3 Nxd3 33. Rc7 Nf4+ 34. Ke3 Nd5+ 0-1

[Event "Early-Titled-Tuesday-Blitz-December-26-2023"]
[Site "Chess.com"]
[Date "2023.12.26"]
[Round "3"]
[White "semchik73"]
[Black "PawnEatingZombie"]
[Result "0-1"]
[WhiteElo "2369"]
[BlackElo "2161"]
[TimeControl "180+1"]
[EndTime "8:25:34 PST"]
[Termination "PawnEatingZombie won by resignation"]

1. Nf3 e6 2. c4 b6 3. d4 Bb7 4. g3 Bb4+ 5. Bd2 Bxf3 6. exf3 Bxd2+ 7. Qxd2 c6 8. d5 Nf6 9. Nc3 O-O 10. d6 c5 11. Bg2 Nc6 12. O-O Rc8 13. f4 Nd4 14. Nb5 Nxb5 15. cxb5 c4 16. Rac1 Rc5 17. a4 Qb8 18.
Qd4 Rfc8 19. Rfd1 Nd5 20. f5 Qxd6 21. Qg4 Qf8 22. fxe6 dxe6 23. Rd4 c3 24. b4 R5c7 25. Bxd5 exd5 26. Rxd5 c2 27. Rd2 Qe7 28. Qf5 g6 29. Qd3 Qxb4 30. Rdxc2 Rxc2 31. Rxc2 Qb1+ 32. Kg2 Qxc2 33.
Qd7 Qc7 34. Qd4 Rd8 35. Qf6 Qd6 36. Qg5 Qd5+ 37. Qxd5 Rxd5 38. h4 Rd4 0-1

[Event "Early-Titled-Tuesday-Blitz-December-26-2023"]
[Site "Chess.com"]
[Date "2023.12.26"]
[Round "3"]
[White "pirulillo"]
[Black "FoxOnTheRun97"]
[Result "0-1"]
[WhiteElo "2275"]
[BlackElo "2576"]
[TimeControl "180+1"]
[EndTime "8:25:37 PST"]
[Termination "FoxOnTheRun97 won by resignation"]

1. e4 c6 2. Nc3 d5 3. Nf3 Bg4 4. h3 Bxf3 5. Qxf3 e6 6. d3 Bb4 7. Bd2 d4 8. Nd1 Bxd2+ 9. Kxd2 Ne7 10. Qg3 O-O 11. f4 c5 12. Nf2 Nbc6 13. Be2 b5 14.
Rhb1 Qa5+ 15. Kd1 f5 16. Bf3 c4 17. e5 Rac8 18. a4 bxa4 19. dxc4 Nb4 20. b3 Ned5 21.
cxd5 Nxc2 22. Nd3 Nxa1 23. Rxa1 Qc3 0-1

[Event "Early-Titled-Tuesday-Blitz-December-26-2023"]
[Site "Chess.com"]
[Date "2023.12.26"]
[Round "3"]
[White "Navyblue1"]
[Black "Flawless_Fighter"]
[Result "0-1"]
[WhiteElo "2160"]
[BlackElo "2797"]
[TimeControl "180+1"]
[EndTime "8:25:39 PST"]
[Termination "Flawless_Fighter won by resignation"]

1. d4 Nf6 2. c4 e6 3. Nf3 d5 4. Nc3 c5 5. cxd5 Nxd5 6. Nxd5 Qxd5 7. e3 Nc6 8. Bb5 cxd4 9. Bxc6+ Qxc6 10. Nxd4 Qxg2 11.
Qf3 Qxf3 12. Nxf3 b6 13. Nd4 Bb7 14. O-O Rc8 15. Bd2 Rc5 16. f3 Be7 17. Bc3 O-O 18. Ne2 Rd8 19. Ng3 Rcd5 20. Kf2 f6 21. Rfe1 Kf7 22.
Ne4 h6 23. Rg1 Rh5 24. Rg2 Bxe4 25. fxe4 Rh3 26. Rag1 g5 27. Ke2 Bc5 28. Bd2 Rxd2+ 29. Kxd2 Bxe3+ 30. Ke2 Bxg1 31. Rxg1 Rxh2+ 32. Kd3 Rxb2 33. Rf1 Rxa2 0-1

[Event "Early-Titled-Tuesday-Blitz-December-26-2023"]
[Site "Chess.com"]
[Date "2023.12.26"]
[Round "3"]
[White "Zavgorodniy_Sergiy"]
[Black "SergioMoralesG"]
[Result "1-0"]
[WhiteElo "2610"]
[BlackElo "2384"]
[TimeControl "180+1"]
[EndTime "8:25:50 PST"]
[Termination "Zavgorodniy_Sergiy won by resignation"]

1. d4 d5 2. c4 c6 3. e3 Nf6 4.
Bd3 dxc4 5. Bxc4 Bf5 6. Qb3 e6 7. Qxb7 Nbd7 8. Qb3 Bd6 9. Nf3 O-O 10. O-O Ne4 11.
Nbd2 Qf6 12. Nxe4 Bxe4 13. Be2 c5 14. Qd1 Rad8 15. Bd2 cxd4 16. exd4 Nb6 17. Bg5 Qg6 18.
Bxd8 Rxd8 19. Qd2 Nd5 20. Qg5 f6 21. Qxg6 Bxg6 22. g3 Bh5 23. Rac1 Rb8 24. b3 Bb4 25. Kg2 Nc3 26. Bc4 Kf7 27. a3 1-0

[Event "Early-Titled-Tuesday-Blitz-December-26-2023"]
[Site "Chess.com"]
[Date "2023.12.26"]
[Round "3"]
[White "SharapovEvgeny"]
[Black "Matols"]
[Result "1-0"]
[WhiteElo "2581"]
[BlackElo "2394"]
[TimeControl "180+1"]
[EndTime "8:25:51 PST"]
[Termination "SharapovEvgeny won by resignation"]

1. e4 c6 2. d4 d5 3. e5 c5 4. Nf3 Nc6 5. c4 cxd4 6. Nxd4 e6 7. Nxc6 bxc6 8. cxd5 cxd5 9. Bd3 Bb4+ 10. Bd2 Bxd2+ 11. Nxd2 Ne7 12. O-O O-O 13. Nf3 f6 14. Qc2 f5 15. Nd4 Bd7 16. Rfc1 Rc8 17. Qb3 Qb6 18.
Qxb6 axb6 19. f4 Kf7 20. Kf2 Rxc1 21. Rxc1 Rc8 22. Rxc8 Bxc8 23. Ke3 Bd7 24. g3 Ke8 25. Kd2 Kd8 26. Kc3 Kc7 27. b3 h6 28. h4 g6 29. a4 Kb7 30. Kb4 Nc6+ 31. Nxc6 Bxc6 32. a5 bxa5+ 33. Kxa5 d4 34. Kb4 Bd5 35. Kc5 Bxb3 36.
Kxd4 Kc6 37. Kc3 Ba2 38. Be2 Kc5 39. g4 Bd5 40. g5 h5 41. Bxh5 gxh5 42. g6 1-0

[Event "Early-Titled-Tuesday-Blitz-December-26-2023"]
[Site "Chess.com"]
[Date "2023.12.26"]
[Round "3"]
[White "Andrei_Skvortsov"]
[Black "IAgrest"]
[Result "1-0"]
[WhiteElo "2681"]
[BlackElo "2436"]
[TimeControl "180+1"]
[EndTime "8:25:52 PST"]
[Termination "Andrei_Skvortsov won on time"]

1. d4 Nf6 2. c4 g6 3. Nf3 Bg7 4. g3 O-O 5. Bg2 d6 6. O-O Nbd7 7. b3 e5 8. Nc3 Re8 9. e3 c6 10. a4 Nf8 11. dxe5 Ng4 12. Ba3 Nxe5 13. Nxe5 dxe5 14.
Qxd8 Rxd8 15. Ne4 Ne6 16. Rad1 Re8 17. Nd6 Rd8 18. Ne4 Re8 19. h4 a5 20. Rd2 f5 21.
Nd6 Rd8 22. Rfd1 Bf8 23. Bb2 Bg7 24. f4 e4 25. Bxg7 Nxg7 26. Nxf5 Rxd2 27. Nh6+ Kf8 28. Rxd2 Be6 29. Bxe4 Ne8 30. f5 1-0

[Event "Early-Titled-Tuesday-Blitz-December-26-2023"]
[Site "Chess.com"]
[Date "2023.12.26"]
[Round "3"]
[White "Schattman"]
[Black "slorovel"]
[Result "1/2-1/2"]
[WhiteElo "2463"]
[BlackElo "2638"]
[TimeControl "180+1"]
[EndTime "8:25:54 PST"]
[Termination "Game drawn by agreement"]

1. c4 g6 2. g3 Bg7 3. Bg2 e5 4.
e4 Ne7 5. Ne2 O-O 6. O-O f5 7.
d3 d6 8. Nbc3 Be6 9. Nd5 c6 10.
Nxe7+ Qxe7 11. exf5 gxf5 12. f4 Nd7 13. Rb1 a5 14. b3 h5 15. Be3 h4 16. d4 e4 17. d5 cxd5 18. cxd5 Bf7 19. Qd2 Nf6 20. Nc3 Ng4 21. Bd4 e3 22. Qd3 hxg3 23. hxg3 Bg6 24. Bf3 Bxd4 25. Qxd4 Rae8 26. Kg2 e2 27. Rh1 Ne3+ 28. Kf2 e1=Q+ 29. Rbxe1 1/2-1/2

[Event "Early-Titled-Tuesday-Blitz-December-26-2023"]
[Site "Chess.com"]
[Date "2023.12.26"]
[Round "3"]
[White "Eternauta2400"]
[Black "Dinosaurio_1975"]
[Result "1-0"]
[WhiteElo "2812"]
[BlackElo "2601"]
[TimeControl "180+1"]
[EndTime "8:25:56 PST"]
[Termination "Eternauta2400 won by resignation"]

1. c4 e6 2. g3 d5 3. Bg2 Nf6 4. Nf3 Be7 5. d4 O-O 6. Nc3 c6 7. O-O a5 8. b3 b6 9. Ne5 Nfd7 10.
Nxd7 Qxd7 11. Bb2 Ba6 12. Qd3 b5 13. cxb5 cxb5 14. Qd2 Rc8 15. Rfd1 Ra7 16. e4 Rac7 17. exd5 b4 18. dxe6 Qxe6 19. Nd5 Rc2 20. Qe3 Bd8 21. Rab1 Nd7 22. Qxe6 fxe6 23. Ne3 R2c7 24. Bh3 Kf7 25. d5 exd5 26. Rxd5 Nb6 27. Bxc8 Rxc8 28. Rd6 Bb7 29. Rbd1 Be7 30. Rxb6 1-0

[Event "Early-Titled-Tuesday-Blitz-December-26-2023"]
[Site "Chess.com"]
[Date "2023.12.26"]
[Round "3"]
[White "ural58"]
[Black "GasconJR"]
[Result "1-0"]
[WhiteElo "2486"]
[BlackElo "2635"]
[TimeControl "180+1"]
[EndTime "8:26:03 PST"]
[Termination "ural58 won on time"]

1. e4 c5 2. b3 Nc6 3. Bb2 d6 4. Bb5 Bd7 5. Ne2 a6 6. Bxc6 Bxc6 7. d3 d5 8. f3 d4 9. Nd2 e5 10. f4 Nf6 11. O-O Ng4 12. Nxd4 Ne3 13. Nxc6 bxc6 14. Qh5 Nxf1 15. Qxe5+ Be7 16. Rxf1 f6 17. Qh5+ g6 18. Qh6 Qc7 19. Nc4 O-O-O 20. Bc3 Rdf8 21. Qh3+ Kb7 22.
Qe6 Rd8 23. Na5+ Kb6 24. Nxc6 Qxc6 25. Qxe7 Rhf8 26. Qxh7 f5 27. e5 Rd7 28. Qh3 Rff7 29.
Qe3 Rh7 30. b4 Kb5 31. a4+ Kxa4 32. Ra1+ Kb5 33. Ra5+ 1-0

[Event "Early-Titled-Tuesday-Blitz-December-26-2023"]
[Site "Chess.com"]
[Date "2023.12.26"]
[Round "3"]
[White "ShadyH9"]
[Black "GMT4114"]
[Result "1-0"]
[WhiteElo "2363"]
[BlackElo "2025"]
[TimeControl "180+1"]
[EndTime "8:26:03 PST"]
[Termination "ShadyH9 won by resignation"]

1. Nf3 f5 2. g3 Nf6 3. Bg2 d6 4. d4 e6 5. O-O Be7 6. c4 O-O 7. Nc3 Ne4 8. Qc2 Nxc3 9. Qxc3 a5 10. b3 Nc6 11. Bb2 Bf6 12. Rad1 Qe8 13. Qc1 e5 14.
dxe5 dxe5 15. e4 fxe4 16. Ng5 Bg4 17. Rde1 Qh5 18. Nxe4 Be2 19. Nc5 Bxf1 20. Rxf1 Nd4 21. Bxd4 exd4 22. Nxb7 Rae8 23. Qd2 Re2 24. Qxa5 Rfe8 25.
Qxh5 1-0

[Event "Early-Titled-Tuesday-Blitz-December-26-2023"]
[Site "Chess.com"]
[Date "2023.12.26"]
[Round "3"]
[White "ilya2700"]
[Black "Macron20hTF1"]
[Result "1-0"]
[WhiteElo "2344"]
[BlackElo "2569"]
[TimeControl "180+1"]
[EndTime "8:26:04 PST"]
[Termination "ilya2700 won by resignation"]

1. e4 g6 2. d4 Bg7 3. Nf3 d6 4. Bc4 a6 5. Bf4 e6 6. Nc3 Ne7 7. Qd2 h6 8. O-O-O b5 9. Bb3 Bb7 10. e5 d5 11. h4 Nd7 12. g4 c5 13. dxc5 Nxc5 14. Nd4 Rc8 15. h5 g5 16. Bg3 Qa5 17. Kb1 b4 18. Nce2 Ne4 19. Qe3 O-O 20. f4 Nxg3 21.
Nxg3 gxf4 22. Qxf4 Qc7 23. Rde1 Nc6 24. Nxc6 Bxc6 25.
g5 f6 26. gxh6 fxe5 27. Qg4 Rf4 28. Qxe6+ Kh7 29. hxg7 1-0

[Event "Early-Titled-Tuesday-Blitz-December-26-2023"]
[Site "Chess.com"]
[Date "2023.12.26"]
[Round "3"]
[White "jeetjain"]
[Black "HappyPawny"]
[Result "1-0"]
[WhiteElo "2571"]
[BlackElo "2269"]
[TimeControl "180+1"]
[EndTime "8:26:05 PST"]
[Termination "jeetjain won by resignation"]

1. Nf3 Nf6 2. g3 d5 3. Bg2 c5 4. O-O Nc6 5. d3 e6 6. Nbd2 Be7 7. e4 O-O 8. e5 Nd7 9. Qe2 Qc7 10. Re1 b5 11. h4 Bb7 12. Nf1 a5 13. h5 Rfe8 14. h6 g6 15. N1h2 b4 16. Ng4 a4 17.
Bf4 Qd8 18. a3 Ba6 19. Qd2 c4 20. Bg5 c3 21. bxc3 bxc3 22. Qc1 Rb8 23. Qf4 Rb2 24.
Bxe7 Qxe7 25. Qxa4 Bb5 26. Qf4 Rxc2 27. Bf1 Rb2 28. Ng5 c2 29. Rac1 Na5 30. Ne3 Rc8 31. Qd4 Qxa3 32. Nxd5 exd5 33. e6 f6 34. exd7 Rf8 35.
d8=Q Rxd8 36. Qxf6 Qf8 37. Qxb2 1-0

[Event "Early-Titled-Tuesday-Blitz-December-26-2023"]
[Site "Chess.com"]
[Date "2023.12.26"]
[Round "3"]
[White "Zurability"]
[Black "Kotlyar_K"]
[Result "1-0"]
[WhiteElo "2702"]
[BlackElo "2508"]
[TimeControl "180+1"]
[EndTime "8:26:08 PST"]
[Termination "Zurability won by checkmate"]

1. d4 Nf6 2. c4 g6 3. Nc3 d5 4.
h4 c5 5. cxd5 Nxd5 6. h5 Bg7 7.
hxg6 hxg6 8. Rxh8+ Bxh8 9. Nf3 Nc6 10. e3 Bg4 11. Bc4 cxd4 12. Nxd5 dxe3 13. Bxe3 Bxb2 14.
Rb1 Bg7 15. Rxb7 Ne5 16. Rxe7+ Kf8 17. Nxe5 Bxd1 18. Rxf7+ Kg8 19. Nf6+ Bxf6 20. Re7+ Kh8 21. Nxg6# 1-0

[Event "Early-Titled-Tuesday-Blitz-December-26-2023"]
[Site "Chess.com"]
[Date "2023.12.26"]
[Round "3"]
[White "Drags95"]
[Black "Kleyton_Lima"]
[Result "1-0"]
[WhiteElo "2799"]
[BlackElo "2570"]
[TimeControl "180+1"]
[EndTime "8:26:18 PST"]
[Termination "Drags95 won by resignation"]

1. d4 Nf6 2. c4 g6 3. Nc3 d5 4. Nf3 Bg7 5. Qb3 dxc4 6. Qxc4 O-O 7. e4 Nc6 8. Be2 e5 9. d5 Nd4 10. Nxd4 exd4 11. Qxd4 c6 12. Qc4 b5 13. Qxc6 Bd7 14.
Qd6 Re8 15. e5 b4 16. Qxb4 Rxe5 17. O-O Nxd5 18. Nxd5 Rxd5 19. Bf3 Rd4 20. Qc5 Rc8 21. Qxa7 Bg4 22. Bxg4 Rxg4 23. Qb7 Rb8 24. Qf3 Rgb4 25.
Bf4 R8b7 26. Rad1 Qa5 27. b3 h5 28. Bd2 Qxa2 29. Bxb4 Rxb4 30. Rd8+ Bf8 31. Rd3 Qc2 32.
Re1 Bh6 33. g3 h4 34. Kg2 Qc8 35. h3 hxg3 36. fxg3 Qc2+ 37. Re2 Qb1 38. h4 Bf8 39. Re8 Qc2+ 40. Kh3 Rb5 41. Rdd8 1-0

[Event "Early-Titled-Tuesday-Blitz-December-26-2023"]
[Site "Chess.com"]
[Date "2023.12.26"]
[Round "3"]
[White "Pendos666"]
[Black "noblerone"]
[Result "1-0"]
[WhiteElo "2830"]
[BlackElo "2519"]
[TimeControl "180+1"]
[EndTime "8:26:20 PST"]
[Termination "Pendos666 won on time"]

1. e4 e6 2. d4 d5 3. Nd2 dxe4 4.
Nxe4 Nd7 5. Nf3 Ngf6 6. Nxf6+ Nxf6 7. Be3 b6 8. Bb5+ Bd7 9. Bd3 a6 10. Qe2 Nd5 11. Bd2 b5 12. Ne5 Bd6 13. O-O-O Bxe5 14. Qxe5 Qf6 15. Qxf6 Nxf6 16. b3 Bc6 17. f3 O-O 18. Ba5 Rac8 19. c4 Rfd8 20. Be2 h6 21. Kb2 Nd7 22. Rhe1 bxc4 23. bxc4 Nb6 24. Bf1 Rb8 25.
Ka3 Be8 26. Rd2 Rdc8 27. Re3 Ra8 28. Rb3 Rcb8 29. Rdb2 Ba4 30. Rb4 Be8 31. c5 1-0

[Event "Early-Titled-Tuesday-Blitz-December-26-2023"]
[Site "Chess.com"]
[Date "2023.12.26"]
[Round "3"]
[White "malakismayil"]
[Black "Sina_Movahed"]
[Result "0-1"]
[WhiteElo "2547"]
[BlackElo "3016"]
[TimeControl "180+1"]
[EndTime "8:26:23 PST"]
[Termination "Sina_Movahed won on time"]

1. e4 c5 2. Nf3 d6 3. Bb5+ Bd7 4. Bxd7+ Qxd7 5. O-O Nc6 6. c4 e5 7. Nc3 Be7 8. a3 Bd8 9. b4 Nge7 10. bxc5 dxc5 11. Nd5 O-O 12. d3 f5 13. Bg5 Ng6 14. Be3 fxe4 15. dxe4 Nd4 16. Bxd4 cxd4 17. Rc1 Rc8 18. Re1 h6 19. Nd2 Ba5 20. Rc2 Nf4 21. Rf1 d3 22. Rb2 Rc6 23. Nf3 Nxg2 24. Nxe5 Qh3 25. Nxc6 Nh4 26. f3 bxc6 27. Ne7+ Kh7 0-1

[Event "Early-Titled-Tuesday-Blitz-December-26-2023"]
[Site "Chess.com"]
[Date "2023.12.26"]
[Round "3"]
[White "Rap_woyska"]
[Black "Pastore1978"]
[Result "1-0"]
[WhiteElo "2408"]
[BlackElo "2203"]
[TimeControl "180+1"]
[EndTime "8:26:23 PST"]
[Termination "Rap_woyska won by resignation"]

1. c4 e6 2. Nf3 d5 3. g3 Nf6 4.
Bg2 d4 5. O-O c5 6. d3 Nc6 7. e3 e5 8. exd4 cxd4 9. Re1 Bd6 10.
Nxe5 Nxe5 11. f4 Qe7 12. fxe5 Bxe5 13. Bf4 Nd7 14. Bh3 f6 15. Bxd7+ Bxd7 16. Bxe5 fxe5 17. Qh5+ g6 18. Qxe5 Qxe5 19. Rxe5+ Kf7 20. Nd2 Bf5 21. Rf1 Kg7 22. Re7+ Kh6 23. Rxb7 Bxd3 24. Rf4 Rae8 25. Rh4+ Kg5 26. Nf3+ Kf5 27. Rf4+ Ke6 28. Nxd4+ Ke5 29. Nf3+ Ke6 30. Ng5+ Kd6 31. Nf7+ Kc6 32. Rxa7 Re1+ 33. Kg2 Be4+ 34. Rxe4 Rxe4 35. Nxh8 Re2+ 36. Kh3 Rxb2 37. Rxh7 Rxa2 38. Nxg6 1-0

[Event "Early-Titled-Tuesday-Blitz-December-26-2023"]
[Site "Chess.com"]
[Date "2023.12.26"]
[Round "3"]
[White "BashirliSaadat"]
[Black "GP9isback23"]
[Result "1-0"]
[WhiteElo "2453"]
[BlackElo "2612"]
[TimeControl "180+1"]
[EndTime "8:26:29 PST"]
[Termination "BashirliSaadat won by resignation"]

1. e4 c5 2. Nf3 e6 3. c4 Nc6 4.
d4 cxd4 5. Nxd4 Nf6 6. Nc3 Bb4 7.
Nxc6 bxc6 8. Bd3 e5 9. O-O O-O 10. f4 d6 11. f5 d5 12. cxd5 Bxc3 13. bxc3 cxd5 14. Bg5 Bb7 15. Rb1 Bc6 16. exd5 Qxd5 17.
Rf2 Rfd8 18. Bxf6 gxf6 19. Qg4+ Kh8 20. Qh4 Rd6 21. Bc4 Qc5 22. Kh1 Rad8 23. h3 e4 24.
Bxf7 e3 25. Bg6 R8d7 26. Rff1 Rf7 1-0

[Event "Early-Titled-Tuesday-Blitz-December-26-2023"]
[Site "Chess.com"]
[Date "2023.12.26"]
[Round "3"]
[White "SARGISMV"]
[Black "NovozhilovSemen"]
[Result "0-1"]
[WhiteElo "2516"]
[BlackElo "2771"]
[TimeControl "180+1"]
[EndTime "8:26:31 PST"]
[Termination "NovozhilovSemen won on time"]

1. d4 Nf6 2. c4 e6 3. Nc3 c5 4. d5 exd5 5. cxd5 d6 6. e4 g6 7. Bb5+ Bd7 8. Bd3 Bg7 9. f4 O-O 10. e5 Re8 11. Nf3 dxe5 12. fxe5 Ng4 13. e6 fxe6 14.
d6 Qb6 15. Bc4 Nc6 16. O-O Na5 17. Qd3 Nxc4 18. Qxc4 Bd4+ 19. Kh1 Qxd6 20. Ne4 Qd5 21. Qc2 Bb5 22. h3 Bxf1 23. hxg4 Rf8 24. Bg5 Bb5 25.
Nxd4 Qxd4 26. Rd1 Qe5 27. Bh6 Rfd8 28. Re1 Bd3 29. Qc3 Qxc3 30. Nxc3 Re8 31. Re3 Rad8 32. Kh2 b5 33. Bg5 Rd7 0-1